Arrhythmia, neutral female human Tourist --------------------------------------------------------------------------- |^|....%.?*%...%..=..+%(..%..?%.....!!....[...?....!.)?...%=.(...?.![[!%..| |.|.!...........(!...???.!..........%?.?....)(%.*..(?..?.?....%...![...((!| |.|....(...........![.)....)..%.[)...!%....?.......(+.E[...../.%?*.".!.%..| |.|...)[......%....!...[........[..%.)...)....*!.!..).....*..%.[?........[| |.|....(!=&(*../..)).....?.%...(..!....?.)).....!/!..?+?.%%.......?%/....+| |.|.*&.((..%*..)....%?%=*?.?..!(..[..)..*.)..!.=[?.....?......!....?.!....| |.|.=.H...T.*......(%?[..*....(.....?....../....[.)....*..*..!..?.(./[....| |.|..@:.T..n.%??..!.[.?.?[...%+...%.?*.%+.%......).......[...??.%..?..?.!.| |.|..@%?...!...%..%.%..."*??..+*..[.......%.%..[...?!....+..[?.*.[.??.?.*.| |.|..).!(.w?.%.!.?*....*.....!*..%.....(......!.%..!...!....*..(..%..(....| |.|...[??.(........%?c=......%[...+?*.../.?....(....).....!........)...!..| |.|...!.?.*....*..)...?.*...?.....%*........)?=.[.......!+(..?...?(...?...| |.|...[).%.[.......%.?...%%$(%.(......!..)..%..............?+...........(.| |.-...).....*...!%.............?)%...........%..!"[(........?(..?../??!.).| |.|.?..%.%)...(.....%."..[.....*.%..*?.?..[.?..%!!.......%....?.[........[| |.|...!....!...?=).)...%[.!....[.....!.....!%?%..*.....*%?.%.......)......| --------------------------------------------------------------------------- Arrhythmia the Adventurer Experience level: 30 Strength: 25 Dexterity: 22 Constitution: 18 Intelligence: 16 Wisdom: 18 Charisma: 15 Health: 0(230) Energy: 225(238) AC: -31 Gold: 0 Moves: 58303 Your Inventory: Amulets L - an uncursed amulet of life saving M - an uncursed amulet of magical breathing (being worn) Weapons c - a blessed +7 silver saber (weapon in hand) o - 5 blessed rustproof +1 darts of detonation B - a blessed rustproof +2 athame O - a blessed greased +6 silver saber (wielded in other hand) Armor k - a blessed greased rustproof +5 helmet of power (being worn) n - a blessed greased fireproof +5 pair of speed boots (being worn) p - a blessed greased fireproof +5 robe (being worn) y - a blessed greased fireproof +5 pair of gauntlets of dexterity (being worn) A - a blessed greased +4 disintegration dragon scale mail (being worn) H - a blessed greased fireproof +4 T-shirt of reflection named Decos bananas & co. (being worn) Comestibles a - 2 blessed tins of nurse meat m - an uncursed lizard corpse Potions g - a blessed potion of paralysis Rings G - an uncursed greased ring of slow digestion (on right hand) I - an uncursed ring of regeneration U - an uncursed ring of free action (on left hand) Wands s - an uncursed wand of fire (0:6) P - an uncursed wand of probing (0:2) Tools b - an uncursed towel f - a blessed greased fireproof bag of holding i - the blessed greased fireproof Platinum Yendorian Express Card u - an uncursed sack named Cancellation, never put inside holding AGAIN please w - an uncursed +4 unicorn horn x - a blessed greased stethoscope C - an uncursed greased skeleton key D - the blessed greased Bell of Opening (1:4) N - an uncursed magic lamp (lit) Gems E - a blessed greased luckstone Contents of the bag of holding: an uncursed +0 orcish bow of detonation 14 blessed +2 thirsty arrows an uncursed lembas wafer 4 uncursed lizard corpses 4 blessed scrolls of magic mapping a blessed scroll of teleportation 6 uncursed scrolls of teleportation an [uncursed faint] spellbook of knock a blessed potion of extra healing 2 uncursed potions of extra healing an [uncursed] potion of fruit juice 3 uncursed potions of full healing a cursed potion of full healing a blessed potion of healing an uncursed potion of healing a blessed potion of monster detection an uncursed potion of monster detection 4 blessed potions of object detection an uncursed potion of see invisible an uncursed potion of speed an uncursed ring of free action an uncursed ring of polymorph an uncursed ring of polymorph control an uncursed ring of regeneration an uncursed ring of teleport control a blessed wand of digging (0:7) an uncursed wand of digging (0:7) an uncursed wand of digging (0:4) an uncursed wand of digging [0:4] an uncursed wand of digging [0:7] an uncursed wand of digging [0:8] an uncursed wand of digging [0:3] an uncursed wand of fire (0:0) a blessed wand of fire [0:5] an uncursed wand of fire [0:2] an uncursed wand of speed monster (0:4) an uncursed wand of teleportation (0:4) an uncursed wand of teleportation (0:4) an uncursed wand of teleportation [0:5] an uncursed wand of teleportation [0:8] an uncursed wand of undead turning (0:8) an uncursed can of grease (1:0) an uncursed horn of plenty (0:0) an [uncursed] mirror an uncursed oilskin sack an uncursed +0 pick-axe a blessed rustproof tinning kit (1:70) an [uncursed +0] unicorn horn Contents of the oilskin sack: a [blessed] scroll of confuse monster a [blessed] scroll of create monster an [uncursed] scroll of create monster 2 uncursed scrolls of magic mapping an [uncursed] scroll of remove curse an [uncursed] scroll of teleportation an [uncursed] spellbook of invisibility 2 blessed diluted potions of extra healing 3 [uncursed] potions of blood a [cursed] potion of blood 2 blessed potions of extra healing an [uncursed] potion of fruit juice Contents of the sack named Cancellation, never put inside holding AGAIN please: an uncursed wand of cancellation (0:6) an [uncursed] chrysoberyl stone Spells known in the end: Name Level Category Fail Memory a - detect monsters 1 divination 0% [||......] b - jumping 1 escape 0% [|||||||.] c - restore ability 4 healing 54% [||......] d - cure sickness 3 healing 0% [||......] e - create monster 2 clerical 0% [|||||||.] f - force bolt 1 attack 0% [||......] g - sleep 1 enchantment 0% [|||.....] h - detect treasure 4 divination 0% [|||||...] i - dig 5 matter 88% [|||.....] j - levitation 4 escape 0% [|||.....] k - confuse monster 2 enchantment 0% [|||.....] l - healing 1 healing 0% [||......] m - wizard lock 2 matter 0% [|||.....] n - knock 1 matter 0% [|||||||.] o - teleport away 6* escape 0% [........] p - magic missile 2 attack 0% [||||||..] q - clairvoyance 3* divination 0% [........] r - detect unseen 3 divination 0% [|||.....] s - haste self 3* escape 0% [........] t - polymorph 6 matter 99% [||||||..] u - charm monster 3 enchantment 0% [||......] v - identify 3 divination 0% [||......] w - protection 1 clerical 0% [||......] x - magic mapping 5 divination 0% [||......] y - fireball 4 attack 50% [|||.....] z - cause fear 3 enchantment 0% [||||....] A - invisibility 4 escape 0% [|||||...] B - slow monster 2 enchantment 0% [|||||...] C - light 1 divination 0% [|||||...] D - turn undead 6 clerical 99% [|||||||.] Your skills at the end: Fighting Skills bare handed combat [Basic / Skilled] two weapon combat [Skilled / Skilled] body armor [Basic / Basic] Weapon Skills saber [Skilled / Skilled] dart [Basic / Expert] unicorn horn [Skilled / Skilled] Spellcasting Skills divination spells [Basic / Basic] enchantment spells [Basic / Basic] escape spells [Skilled / Skilled] Final Attributes: You were piously aligned. Hunger level was 379. Your alignment was 290 / 301. Monster difficulty range was 3 - 26. Level difficulty was 23. You resisted fire. You resisted cold. You were immune to sleep. You were immune to disintegration. You resisted electricity. You were immune to poison. You were magic-protected. You resisted spell damage. You were confused. You were telepathic. You had automatic searching. You aggravated monsters. You had teleport control. You were levitating, at will. You could survive without air. You had slower digestion. You were protected. You were very fast. You had reflection. You had free action. You were wielding two weapons at once. You were extremely lucky (13). You had extra luck. Good luck did not time out for you. You are dead. Vanquished creatures: a mastodon a vorpal jabberwock Medusa Croesus 3 krakens The Master of Thieves a ki-rin 6 storm giants a titan 2 glass golems a purple worm 2 leviathans 4 amphiteres a lindworm 2 sarkanies 5 sirrushes 4 wyverns 5 gold dragons 3 tatzelworms 2 drakens 4 jabberwocks 2 baluchitheria an Angel 2 demiliches 2 stone golems 2 Olog-hai 2 Nazgul 4 titanotheres a trapper a baby amphitere a baby gold dragon 6 baby drakens a guardian naga 3 disenchanters 6 vampire lords 9 captains 2 liches 5 clay golems 2 ice devils a nalfeshnee Aphrodite 3 lurkers above 6 frost giants 5 ettins 5 golden nagas 4 black puddings 20 vampires 10 lieutenants a watch captain 34 ghosts 9 locusts 4 winged gargoyles 9 giant mimics 3 zruties 3 fire giants 6 ogre kings 15 ice trolls 10 rock trolls 3 umber hulks a flesh golem 3 Elvenkings a doppelganger 4 hezrous 4 bone devils 7 large mimics 5 wumpuses 6 long worms a couatl 10 stalkers 2 air elementals 4 fire elementals 2 earth elementals 2 water elementals 14 hill giants 4 giant mummies 9 black nagas 6 xorns 8 giant zombies 8 elf-lords 30 sergeants a water demon a barbed devil 4 vrocks 10 wargs 3 hell hound pups 25 small mimics a glass piercer 9 rodents of unusual size 3 warhorses 11 xans 4 ettin mummies 8 ogre lords 6 quantum mechanics 36 trolls 5 wood golems 3 mariliths 4 sharks 3 electric eels a giant turtle 2 gelatinous cubes 5 pyrolisks 7 large dogs 7 freezing spheres 6 flaming spheres 4 shocking spheres 2 large cats 4 tigers 3 gargoyles 5 dwarf kings 5 tengu 5 ochre jellies 8 leocrottas 3 energy vortices 9 mountain centaurs 16 stone giants 5 elf mummies 4 human mummies 5 red nagas 10 pit vipers 7 pythons 8 cobras 37 wraiths 18 ettin zombies 3 leather golems 6 Grey-elves 120 soldiers a watchman 2 horned devils 5 succubi 6 incubi 11 chameleons 2 crocodiles 8 giant beetles 4 quivering blobs 4 cockatrices 17 wolves 19 winter wolf cubs 3 lynxes 6 panthers a gremlin 4 spotted jellies 38 leprechauns 5 orc-captains 3 iron piercers 5 mumakil 150 giant spiders 12 scorpions 3 horses 5 ice vortices 4 black lights 11 vampire bats 46 forest centaurs 10 gnome kings 3 orc mummies 7 ogres 5 brown puddings 6 rust monsters 14 owlbears 10 yetis 4 gold golems 2 werewolves 3 Green-elves 2 piranhas 15 giant eels 9 lizards 11 guides 11 chickatrices 5 dogs 4 dingos 4 housecats 5 jaguars 5 dwarf lords 14 blue jellies 4 white unicorns 5 black unicorns 10 dust vortices 2 ravens 16 plains centaurs 2 Kop Kaptains 2 gnome mummies 24 snakes a water moccasin 14 apes 20 human zombies a rope golem 20 Woodland-elves 10 soldier ants 2 fire ants 7 snow ants 34 bugbears 4 imps 7 quasits 21 wood nymphs 15 water nymphs 16 mountain nymphs 17 Mordor orcs 19 Uruk-hai 2 orc shamans 10 rock piercers 10 enormous rats 4 rock moles a woodchuck 2 ponies 5 fog clouds 16 yellow lights 3 shriekers 6 violet fungi 28 gnome lords 14 gnomish wizards 5 Kop Lieutenants 3 kobold mummies 7 black naga hatchlings 2 golden naga hatchlings 2 guardian naga hatchlings 11 gray oozes 7 barrow wights 25 elf zombies 14 ghouls 3 straw golems 3 paper golems 2 wax golems 2 jellyfish a baby crocodile 12 giant ants 5 little dogs 13 floating eyes 2 kittens 22 dwarves 6 homunculi 6 kobold lords 5 kobold shamans 32 hill orcs 19 rothes 5 rabid rats 3 centipedes 5 giant bats 5 monkeys 15 orc zombies 18 dwarf zombies 3 wererats a werejackal 4 muggers 10 iguanas 6 killer bees 3 acid blobs 3 coyotes a gas spore 14 hobbits 13 manes 6 large kobolds 34 hobgoblins 14 giant rats 20 cave spiders 5 brown molds 7 yellow molds 6 green molds 4 red molds 93 gnomes 7 Keystone Kops 26 garter snakes 20 gnome zombies 13 geckos 15 jackals 4 foxes 7 kobolds 14 goblins 5 sewer rats 10 grid bugs 8 bats 8 lichens 13 kobold zombies 4 newts 2397 creatures vanquished. Genocided or extinct species: mind flayers master mind flayers giant spiders (extinct) liches demiliches master liches arch-liches soldiers (extinct) 6 species genocided. 8 species extinct. Voluntary challenges: You used a wielded weapon 3785 times. You read items or engraved 1851 times. You put on armor 442 times. You genocided 6 types of monsters. You polymorphed 58 items. You never changed form. You used 8 wishes. You used 5 wishes for magical items. You did not wish for any artifacts. You wrote Elbereth's name 721 times. You encountered 4 bones levels. You never used any Sokoban shortcuts. Dungeon overview: The Dungeons of Doom: levels 1 to 26 Level 1 an altar a long staircase Level 2 an altar to The Lady Level 3 a scroll shop, a fountain Level 4 a music store stairs to The Gnomish Mines Level 5 an armor shop Level 6 a tin shop, some fountains Level 8 a delicatessen Level 7 many fountains Level 10 (incubus) stairs to Sokoban Level 11 stairs to Town Level 13 some fountains, many trees Level 14 a fountain, many trees Level 15 an altar to The Lady, a fountain, many trees Level 16 an altar portal to The Quest Level 18 a fountain Level 19 (Incubus fort ludios) portal to Fort Ludios Level 20 a throne Level 23 a wand shop, some fountains portal to One-eyed Sam's Market Level 24 some fountains, many trees Level 26 a magic chest, a fountain, a throne Gehennom: levels 27 to 31 Level 27 a temple, a magic chest stairs to The Dungeons of Doom The Gnomish Mines: levels 5 to 13 Level 5 stairs to The Dungeons of Doom Level 7 many shops, a temple to The Lady, a magic chest, some fountains Level 8 (magic trap) Level 11 (magic trap) The Quest: levels 1 to 6 Level 1 a magic chest portal to The Dungeons of Doom Level 3 ( ) some shops Level 6 (lots of incubi) some shops Sokoban: levels 7 to 9 Level 9 a magic chest stairs to The Dungeons of Doom Town: levels 8 to 10 Level 8 (Incubus) some shops, some fountains, a sink Level 9 many fountains, many trees Level 10 stairs to The Dungeons of Doom Fort Ludios: Level 1 a magic chest, a throne portal to The Dungeons of Doom One-eyed Sam's Market: Level 1 <- You were here portal to The Dungeons of Doom History has recorded: On T:1 you entered the Dungeons of Doom to retrieve the Amulet of Yendor! On T:423 you reached level 2 of The Dungeons of Doom. On T:509 you advanced to experience level 2. On T:783 you advanced to experience level 3. On T:976 you reached level 3 of The Dungeons of Doom. On T:1154 you advanced to experience level 4. On T:1532 you advanced to experience level 5. On T:1827 you reached level 4 of The Dungeons of Doom. On T:2121 you advanced to experience level 6. On T:2498 you advanced to experience level 7. On T:4090 you reached level 1 of The Gnomish Mines. On T:4104 you advanced to experience level 8. On T:5840 you reached level 2 of The Gnomish Mines. On T:7160 you advanced to experience level 9. On T:8081 you reached level 3 of The Gnomish Mines. On T:8298 you received 6 rustproof darts of detonation from The Lady. On T:8905 you received Cleaver from The Lady. On T:9272 you wished for "Blessed greased +2 fireproof speed boots". On T:9717 you wished for "blessed greased fireproof +2 gauntlets of power". On T:10638 you advanced to experience level 10. On T:11032 you wished for "blessed greased fireproof +2 cloak of magic resistance". On T:11074 you reached level 4 of The Gnomish Mines. On T:11614 you reached level 5 of The Gnomish Mines. On T:11939 you reached level 6 of The Gnomish Mines. On T:12195 you reached level 7 of The Gnomish Mines. On T:12672 you reached level 8 of The Gnomish Mines. On T:12758 you advanced to experience level 11. On T:13412 you reached level 9 of The Gnomish Mines. On T:14777 you reached level 5 of The Dungeons of Doom. On T:15369 you reached level 6 of The Dungeons of Doom. On T:15703 you reached level 8 of The Dungeons of Doom. On T:16757 you reached level 9 of The Dungeons of Doom. On T:17015 you reached level 10 of The Dungeons of Doom. On T:17243 you reached level 3 of Sokoban. On T:17847 you reached level 2 of Sokoban. On T:18145 you reached level 1 of Sokoban. On T:19166 you reached level 11 of The Dungeons of Doom. On T:19181 you reached level 3 of Town. On T:19271 you advanced to experience level 12. On T:19441 you reached level 12 of The Dungeons of Doom. On T:19745 you reached level 13 of The Dungeons of Doom. On T:20725 you received 10 rustproof darts of fire from The Lady. On T:21530 you reached level 14 of The Dungeons of Doom. On T:21798 you reached level 15 of The Dungeons of Doom. On T:22177 you reached level 16 of The Dungeons of Doom. On T:22646 you reached level 2 of Town. On T:22778 you killed Aphrodite on level 2 of Town. On T:22941 you reached level 1 of Town. On T:23794 you reached level 1 of The Quest. On T:23904 you advanced to experience level 13. On T:24517 you embarked upon an epic quest. On T:24646 you reached level 17 of The Dungeons of Doom. On T:25002 you reached level 18 of The Dungeons of Doom. On T:25453 you reached level 19 of The Dungeons of Doom. On T:25627 you advanced to experience level 14. On T:26035 you reached level 2 of The Quest. On T:26330 you reached level 3 of The Quest. On T:27018 you lost a bag of holding in a magical explosion. On T:27653 you reached level 4 of The Quest. On T:27987 you reached level 5 of The Quest. On T:28087 you reached level 6 of The Quest. On T:28533 you advanced to experience level 15. On T:28564 you advanced to experience level 16. On T:29912 you killed Master of Thieves on level 5 of The Quest. On T:30862 you completed the quest! On T:31769 you advanced to experience level 17. On T:31769 you advanced to experience level 18. On T:31933 you advanced to experience level 19. On T:33306 you advanced to experience level 20. On T:33525 you advanced to experience level 21. On T:34991 you advanced to experience level 22. On T:37063 you reached Fort Knox. On T:37326 you wished for "blessed greased rustproof tinning kit". On T:38561 you killed Croesus in Fort Knox. On T:40197 you wished for "blessed greased rustproof +2 athame". On T:42052 you advanced to experience level 23. On T:42053 you advanced to experience level 24. On T:42871 you reached level 20 of The Dungeons of Doom. On T:43276 you reached level 21 of The Dungeons of Doom. On T:43511 you reached level 22 of The Dungeons of Doom. On T:43615 you advanced to experience level 25. On T:43671 you reached level 23 of The Dungeons of Doom. On T:43989 you reached level 24 of The Dungeons of Doom. On T:45056 you advanced to experience level 26. On T:45366 you killed Medusa on level 24 of The Dungeons of Doom. On T:46410 you reached level 25 of The Dungeons of Doom. On T:46759 you reached The Castle. On T:47433 you wished for "blessed greased fireproof bag of holding". On T:47475 you genocided all liches On T:47477 you genocided all demiliches On T:47477 you genocided all master liches On T:47478 you genocided all arch-liches On T:47479 you genocided all mind flayers On T:47628 you wished for "uncursed greased fixed magic marker". On T:47630 you genocided all master mind flayers On T:48053 you advanced to experience level 27. On T:48407 you reached The Valley of the Dead. On T:48909 you wished for "oilskin sack". On T:49246 you reached level 2 of Gehennom. On T:49273 you reached level 3 of Gehennom. On T:49505 you reached level 4 of Gehennom. On T:50016 you advanced to experience level 28. On T:50527 you reached level 5 of Gehennom. On T:50903 you advanced to experience level 29. On T:52605 you advanced to experience level 30. On T:54389 you received advice from The Oracle. On T:57564 you reached level 1 of One-eyed Sam's Market. Latest messages: The bolt of fire whizzes by you! The bolt of fire bounces! (2x) You hit One-eyed Sam the black marketeer! (2x) [HP+13=230] You hit One-eyed Sam the black marketeer! (2x) Izzy thrusts her spear. Izzy misses. (2x) Goliath zaps a wand of fire! The bolt of fire whizzes by you! The bolt of fire bounces! (2x) Thomas wields a vulgar polearm! You hit One-eyed Sam the black marketeer! (2x) You kill One-eyed Sam the black marketeer! But wait... One-eyed Sam the black marketeer's medallion begins to glow! One-eyed Sam the black marketeer looks much better! The medallion crumbles to dust! One-eyed Sam the black marketeer swings her two-handed sword named Thiefbane. Thiefbane beheads you! You die... One-eyed Sam takes all your possessions. Final status: Aloha Arrhythmia the Tourist... You died in One-eyed Sam's Market on dungeon level 23 with 18272 points, and 0 pieces of gold, after 58303 moves. You were level 30 with a maximum of 230 hit points when you died.